 Dungeon Crawl Stone Soup version 0.31-a0-978-g1e14348 (webtiles) character file.

Game seed: 17140275602120384244

71266 2000msi the Warrior (level 14, -2/210 (216) HPs)
             Began as a Minotaur Berserker on Oct 30, 2023.
             Was a High Priest of Trog.
             Slain by an ice devil (9 damage)
             ... summoned by an orc high priest
             ... on level 2 of the Orcish Mines.
             The game lasted 01:34:22 (20819 turns).

2000msi the Warrior (Minotaur Berserker)           Turns: 20819, Time: 01:34:22

HP:   -2/210 (216)  AC: 27    Str: 28    XL:     14   Next: 97%
MP:   13/13         EV:  2    Int:  6    God:    Trog [*****.]
Gold: 1890          SH: 11    Dex: 12    Spells: 13/13 levels left

rFire   + . .        a - +11 hand axe "Itruaxihe" {drain, rPois Str+3 Int+2}
rCold   + . .        h - +1 buckler
rNeg    . . .        e - melded +0 plate armour
rPois   +            (helmet currently unavailable)
rElec   .            K - melded +0 cloak
rCorr   .            p - melded +1 pair of gloves
SInv    .            q - melded +2 pair of boots
Will    ++...        D - amulet of reflection
Stlth   +            x - ring of protection from cold
HPRegen 0.55/turn    R - ring of protection from fire
MPRegen 0.13/turn

%: reflection
@: tree-form, on berserk cooldown, enlightened, slowed, lightly drained,
invisible, very slow
A: stationary, stasis, torment immunity, boosted hp, (horns 2), (retaliatory
headbutt)
a: Renounce Religion, Berserk, Trog's Hand, Brothers in Arms


You were on level 2 of the Orcish Mines.
You worshipped Trog.
Trog was extremely pleased with you.
You were a tree.
You visited 4 branches of the dungeon, and saw 21 of its levels.
You also visited: Sewer and Ossuary.

You collected 1914 gold pieces.
You spent 24 gold pieces at shops.

Inventory:

Hand Weapons
 a - the +11 hand axe "Itruaxihe" (weapon) {drain, rPois Str+3 Int+2}
   (You took it off a centaur on level 8 of the Dungeon)

   Str+3:     It affects your strength (+3).
   Int+2:     It affects your intelligence (+2).
   rPois:     It protects you from poison
 w - a +4 battleaxe of flaming
 N - a +2 antimagic broad axe
 Q - the +8 hand axe "Stringbean" {holy, rPois rN+ Str+2}
   (You found it on level 4 of the Lair of Beasts)

   Str+2:     It affects your strength (+2).
   rPois:     It protects you from poison rN+: It protects you from negative
   energy.
Armour
 e - a +0 plate armour (melded)
 h - a +1 buckler (worn)
 p - a +1 pair of gloves (melded)
 q - a +2 pair of boots (melded)
 K - a +0 cloak (melded)
Jewellery
 x - a ring of protection from cold (left branch)
 D - an amulet of reflection (around neck)
 R - a ring of protection from fire (right branch)
Wands
 g - a wand of flame (12)
 v - a wand of charming (22)
 C - a wand of roots (22)
 P - a wand of light (4)
Scrolls
 b - 8 scrolls of teleportation
 c - 4 scrolls of blinking
 d - 5 scrolls of revelation
 j - a scroll of fear
 l - 3 scrolls of vulnerability
 r - a scroll of enchant armour
 s - a scroll of silence
 u - 5 scrolls of enchant weapon
 y - 2 scrolls of noise
 z - 2 scrolls of fog
 G - 3 scrolls of poison
 J - 3 scrolls of immolation
 M - a scroll of torment
 O - a scroll of amnesia {unknown}
Potions
 f - 7 potions of haste
 k - a potion of invisibility
 m - 3 potions of mutation
 n - 3 potions of curing
 B - a potion of enlightenment
 E - 4 potions of resistance
 F - 3 potions of might


   Skills:
 + Level 18.6 Fighting
 + Level 18.4 Axes
 + Level 18.1 Armour
 - Level 2.1 Dodging
 - Level 4.0 Shields


You had 13 spell levels left.
You didn't know any spells.
Your spell library was empty.

Dungeon Overview and Level Annotations

Branches:
Dungeon (13/15)            Temple (1/1) D:5            Lair (5/5) D:8
 Shoals (0/4) Lair:3        Snake (0/4) Lair:3        Slime (0/5) Lair:4
    Orc (2/2) D:11          Sewer (visited)         Ossuary (visited)
    Elf: Orc:2       Vaults: D:13-14

Altars:
Ashenzari
Cheibriados
Dithmenos
Elyvilon
Fedhas
Gozag
Hepliaklqana
Kikubaaqudgha
Makhleb
Nemelex Xobeh
Okawaru
Qazlal
Ru
Sif Muna
Trog
Uskayaw
Vehumet
Wu Jian
Xom
Yredelemnul
Zin
The Shining One
Jiyva

Shops:
D:2 !   D:5 (*:   Orc:1 ((*[

Annotations:
D:9 3 runed translucent doors, Dega's ghost, novice SpHu
D:10 3 runed translucent doors
D:11 exclusion: oklob plant


Innate Abilities, Weirdness & Mutations

You are a tree.
Your roots penetrate the ground, keeping you stationary.
You cannot be teleported.
You are immune to unholy pain and torment.
Your maximum health is greatly increased.
Your equipment is partially melded.
((You have a pair of horns on your head.))
((You reflexively headbutt those who attack you in melee.))


Message History

The smoke demon gestures at you. Beogh smites you!
* * * LOW HITPOINT WARNING * * *
It was a potion of invisibility.
You fade into invisibility!
The chaos spawn gores you.
* * * LOW HITPOINT WARNING * * *
You block the ice devil's attack. You block the chaos spawn's attack.
The ice devil hits you but does no damage.
Okay, then.
It was a potion of magic.
Magic courses through your body. The chaos spawn hits you!
* * * LOW HITPOINT WARNING * * *
You resist with almost no effort.
The ice devil hits you but does no damage.
Okay, then.
What are your orders? t - Creak!
Orders for allies: a - Attack new target. r - Retreat! s - Stop attacking. g - Guard the area. f - Follow me.
Anything else - Cancel.
Okay, then.
As you read the scroll of fear, it crumbles to dust.
You assume a fearsome visage.
The ice devil easily resists.
The chaos spawn looks frightened!
The smoke demon resists with almost no effort.
The orc high priest looks frightened!
The orc priest looks frightened!
The ice devil hits you but does no damage.
The smoke demon hits you but does no damage. x2
You block the smoke demon's attack. The ice devil hits you.
* * * LOW HITPOINT WARNING * * *
The ice devil freezes you! You resist.
* * * LOW HITPOINT WARNING * * *
As you read the scroll labelled FURCHAMY GECARGH, it crumbles to dust.
Wisps of shadow whirl around you...
It was a scroll of summoning.
The ice devil hits you.
* * * LOW HITPOINT WARNING * * *
The ice devil freezes you! You resist.
You die...

....#........########..##
.......)......##.##.....####
...........................##
..............##.#..........#
............#.#o#...........##
....................o#.......#
................oo...........#
.............o..o.h..........#
..#........♣3.#........##
..........4#4.........#
......o.#O.........##
##.....##..........##
##.#o##....oo......#
##....#..........##
#..........).....#
........)........#
.o.............#


You could see an orc high priest (unable to see you, fleeing, drained), an ice
devil (summoned, unable to see you, ally target), a smoke demon (summoned,
unable to see you, ally target), a chaos spawn (summoned, unable to see you,
fleeing, ally target), an orc priest (unable to see you, fleeing), a friendly
warg (summoned), 2 friendly orc warriors, a friendly ogre (summoned), 2 friendly
orc priests and 4 friendly orcs.

Vanquished Creatures
  Nessos (D:12)
  An ettin (Orc:1)
  Josephine (D:12)
  A hydra (Lair:2)
  3 boulder beetles
  4 death yaks
  4 orc high priests
  3 skysharks
  A goliath frog (Lair:3)
  A harpy (Lair:3)
  Pikel (D:7)
  An orc knight (D:11)
  4 orc sorcerers
  2 cyclopes (D:11)
  A manticore (D:11)
  An ugly thing (D:12)
  A salamander (Lair:3)
  A wolf spider (Lair:5)
  23 elephants
  A guardian serpent (Lair:5)
  The ghost of Ubbricas the Trooper, a novice VSFi (D:6)
  18 cane toads
  9 black mambas
  A torpor snail (Lair:4)
  Maggie (D:7)
  5 rime drakes
  6 komodo dragons
  A kobold demonologist (D:10)
  An unseen horror (D:11)
  3 trolls
  12 polar bears
  Grinder (D:5)
  A tyrant leech (Lair:1)
  3 raiju (Lair:5)
  10 blink frogs
  5 hornets
  Sigmund (D:2)
  11 slime creatures (D:12)
  3 shadows
  A vampire (D:11)
  8 wyverns
  5 wraiths
  33 yaks
  3 redbacks (Lair:5)
  5 basilisks
  A steam dragon (D:9)
  3 vampire mosquitoes (D:12)
  Menkaure (D:7)
  11 wargs
  2 nagas (Lair:3)
  2 acid dragons
  12 hell hounds (Lair:5)
  23 water moccasins
  20 orc warriors
  14 black bears
  Pargi (Sewer)
  An ice beast (D:5)
  7 ogres
  33 wolves
  8 centaurs
  3 phantoms
  2 lemures (D:7)
  3 kobold brigands
  A gnoll sergeant (D:10)
  14 bullfrogs
  6 scorpions
  19 wights
  12 killer bees
  An electric eel (Lair:3)
  A centaur zombie (Ossuary)
  2 hounds
  Crazy Yiuf (D:7)
  11 orc priests
  2 sleepcaps
  A jelly (D:5)
  6 iguanas
  19 orc wizards
  A centaur simulacrum (D:8)
  2 mummies (Ossuary)
  6 gnolls
  8 adders
  A shadow imp (D:6)
  2 white imps
  2 ufetubi (D:5)
  2 adder zombies (Ossuary)
  6 worms
  3 dart slugs (D:1)
  47 orcs
  2 endoplasms
  4 giant cockroaches
  2 gnoll zombies (D:4)
  6 goblins
  4 hobgoblins
  6 jackals
  24 kobolds
  2 quokkas
  2 ball pythons
  6 bats
  3 frilled lizards
  A goblin zombie (Ossuary)
  9 hobgoblin zombies (Ossuary)
  A jackal zombie (Ossuary)
  13 kobold zombies (Ossuary)
  8 orc zombies (Ossuary)
  10 rats
  2 rat zombies (Ossuary)
632 creatures vanquished.

Vanquished Creatures (collateral kills)
  An acid dragon (D:9)
  A kobold brigand (D:9)
  2 kobolds (D:9)
4 creatures vanquished.

Grand Total: 636 creatures vanquished

Notes
Turn   | Place    | Note
-------+----------+-------------------------------------------
     0 | D:1      | 2000msi the Minotaur Berserker began the quest for the Orb.
     0 | D:1      | Reached XP level 1. HP: 19/19 MP: 0/0
   233 | D:1      | Reached XP level 2. HP: 17/27 MP: 1/1
   321 | D:1      | Found a faded altar of an unknown god.
   699 | D:1      | Reached ** piety under Trog
   700 | D:1      | Reached XP level 3. HP: 33/33 MP: 2/2
  1440 | D:2      | Found Ducyzuix's Distillery.
  1529 | D:2      | Reached XP level 4. HP: 41/41 MP: 3/3
  1615 | D:2      | Noticed Sigmund
  1668 | D:2      | Killed Sigmund
  1669 | D:2      | Reached skill level 5 in Fighting
  1669 | D:2      | Reached skill level 5 in Axes
  1669 | D:2      | Reached XP level 5. HP: 48/48 MP: 4/4
  1911 | D:3      | Reached XP level 6. HP: 43/56 MP: 5/5
  2108 | D:3      | Found a glowing drain.
  2125 | Sewer    | Entered a sewer
  2184 | Sewer    | Noticed Pargi
  2189 | Sewer    | Killed Pargi
  2444 | D:3      | Reached skill level 5 in Armour
  2853 | D:4      | Reached *** piety under Trog
  2857 | D:4      | Found a sand-covered staircase.
  2875 | Ossuary  | Entered an ossuary
  3029 | Ossuary  | Reached XP level 7. HP: 60/62 MP: 6/6
  3054 | Ossuary  | Reached **** piety under Trog
  3475 | D:5      | Entered Level 5 of the Dungeon
  3620 | D:5      | Found Ijumy's Book Shop.
  4027 | D:5      | Reached XP level 8. HP: 55/73 MP: 7/7
  4207 | D:5      | Found an opulent altar of Gozag.
  4332 | D:5      | Noticed Grinder
  4349 | D:5      | Killed Grinder
  4384 | D:5      | Found a staircase to the Ecumenical Temple.
  4387 | D:5      | Found Zoraomno's Assorted Antiques.
  4391 | Temple   | Entered the Ecumenical Temple
  4496 | D:5      | Found Betzacih's Antique Weapon Emporium.
  4788 | D:6      | Found a runed translucent door.
  4789 | D:6      | Noticed Ubbricas's ghost (novice VSFi)
  4813 | D:6      | Reached XP level 9. HP: 82/82 MP: 8/8
  4904 | D:6      | Identified the +6 mace "Dragonbane" {flame, rC- rN+ Stlth+}
  4962 | D:6      | You fall into a shaft and drop 3 floors!
  4962 | D:8      | Identified the "Rugaagub"
  6174 | D:6      | Killed Ubbricas's ghost
  6175 | D:6      | Reached skill level 10 in Fighting
  6175 | D:6      | Reached skill level 10 in Axes
  6266 | D:7      | Noticed Menkaure
  6267 | D:7      | Noticed Pikel
  6282 | D:7      | Killed Menkaure
  6286 | D:7      | Killed Pikel
  6379 | D:7      | Noticed Maggie
  6385 | D:7      | Killed Maggie
  6386 | D:7      | Reached skill level 10 in Armour
  6386 | D:7      | Reached XP level 10. HP: 94/94 MP: 9/9
  6714 | D:7      | Found a runed translucent door.
  6715 | D:7      | Noticed Crazy Yiuf
  6722 | D:7      | Killed Crazy Yiuf
  7359 | D:8      | Found a staircase to the Lair.
  7732 | D:8      | Identified the +11 hand axe "Itruaxihe" {drain, rPois Str+3
                  | Int+2}
  7999 | D:9      | Found a runed translucent gate.
  7999 | D:9      | Found a runed translucent gate.
  8000 | D:9      | Identified the +10 chain mail of Makhleb's Hope {Regen+}
  8001 | D:9      | Noticed Dega's ghost (novice SpHu)
  8006 | D:9      | Found a runed translucent gate.
  8794 | D:10     | Entered Level 10 of the Dungeon
  8840 | D:10     | Found a glowing silver altar of Zin.
  8840 | D:10     | Noticed an angel
  8865 | D:10     | Noticed a manticore
  8866 | D:10     | Found a runed translucent gate.
  8867 | D:10     | Found a runed translucent gate.
  8867 | D:10     | Noticed a death yak
  8868 | D:10     | Noticed a death yak
  8868 | D:10     | Found a runed translucent gate.
  8868 | D:10     | Noticed a manticore
  8869 | D:10     | Noticed a death yak
  8912 | D:10     | Found a stormy altar of Qazlal.
  8915 | D:10     | Found a white marble altar of Elyvilon.
  8918 | D:10     | Found a hazy altar of Hepliaklqana.
  8921 | D:10     | Found a radiant altar of Vehumet.
  9255 | D:10     | Found a transporter.
  9569 | D:11     | Found a staircase to the Orcish Mines.
  9570 | D:11     | Noticed a manticore
  9586 | D:11     | Killed a manticore
  9628 | D:11     | Reached ***** piety under Trog
  9629 | D:11     | Reached XP level 11. HP: 86/104 MP: 10/10
 10265 | D:11     | Found a blossoming altar of Fedhas.
 10283 | D:11     | Noticed an oklob plant
 10439 | D:12     | Noticed a boulder beetle
 10480 | D:12     | Noticed Josephine
 10486 | D:12     | Killed Josephine
 10548 | D:12     | Identified the +4 ring mail of the Swamp {rC++ Str-4 Int+3}
 10808 | D:12     | Noticed Nessos
 10809 | D:12     | Noticed a white ugly thing
 10820 | D:12     | Killed a white ugly thing
 10830 | D:12     | Killed Nessos
 10999 | D:12     | Received a gift from Trog
 11193 | D:12     | Killed a boulder beetle
 11298 | D:12     | Reached XP level 12. HP: 97/116 MP: 11/11
 11660 | D:13     | Identified the of Taecaukk
 11660 | D:13     | Identified the "Zioch"
 11660 | D:13     | Identified the of Xishraarch
 11753 | Lair:1   | Entered Level 1 of the Lair of Beasts
 12567 | Lair:1   | Noticed an eight-headed hydra
 12575 | Lair:1   | a nine-headed hydra changed into a tyrant leech
 12805 | Lair:1   | Noticed a boulder beetle
 12821 | Lair:1   | Killed a boulder beetle
 12822 | Lair:1   | Reached skill level 15 in Fighting
 13050 | Lair:2   | Reached skill level 15 in Axes
 13412 | Lair:2   | Reached skill level 15 in Armour
 13482 | Lair:2   | Reached XP level 13. HP: 127/127 MP: 12/12
 13985 | Lair:3   | You fall into a shaft and drop 2 floors!
 13985 | Lair:5   | Entered Level 5 of the Lair of Beasts
 14003 | Lair:5   | Received a gift from Trog
 14244 | Lair:5   | Found the +5 glaive of the Guard {elec, spectral}
 15141 | Lair:3   | Identified the +1 trident of Bastoj {elec, Drain rN+++
                  | Int+3 Dex+3}
 15203 | Lair:3   | Found a staircase to the Snake Pit.
 15581 | Lair:3   | Found a staircase to the Shoals.
 15839 | Lair:4   | Received a gift from Trog
 15942 | Lair:4   | Reached XP level 14. HP: 140/140 MP: 13/13
 15993 | Lair:4   | Found a viscous altar of Jiyva.
 15993 | Lair:4   | Found a staircase to the Slime Pits.
 16367 | Lair:4   | Identified the +8 hand axe "Stringbean" {holy, rPois rN+
                  | Str+2}
 17891 | Lair:5   | Received a gift from Trog
 18443 | Orc:1    | Entered Level 1 of the Orcish Mines
 18621 | Orc:1    | Found Lalled's Weapon Shoppe.
 18633 | Orc:1    | Found Ciphir's Weapon Emporium.
 18672 | Orc:1    | Found Paeq's Armour Shoppe.
 18864 | D:11     | Received a gift from Trog
 19146 | Orc:1    | Found Efojaidi's General Store.
 19156 | Orc:1    | Bought a scroll of identify for 24 gold pieces
 19684 | Orc:2    | Entered Level 2 of the Orcish Mines
 20765 | Orc:2    | Received a gift from Trog
 20818 | Orc:2    | HP: 7/210 [ice devil[an orc high priest] (7)]
 20819 | Orc:2    | Slain by an ice devil

Illustrated notes

Levels and vault maps discovered:
D:1:      roderic_dead_forest, layout_basic, basic_ecumenical_altar,
          kennysheep_pointless_box, hangedman_decor_push
D:2:      layout_loops_ring, serial_shops, shop, uniq_sigmund
D:3:      layout_loops_ring, lightli_sewer_entry_pipes, chequers_mini_garden
D:4:      layout_cave_pools, enter_ossuary_3
D:5:      layout_cave_pods, minmay_temple_entry_trees, serial_shops, shop,
          nicolae_shop_just_a_little_nook, nicolae_shop_tiny_glass,
          minmay_ruined_shrine, uniq_grinder
D:6:      layout_basic, ebering_ghost_reflecting_pool
D:7:      layout_loops_corners, uniq_maggie, uniq_menkaure, uniq_pikel,
          uniq_crazy_yiuf_cottage
D:8:      layout_gridville, dpeg_oklobed_lair, kennysheep_just_a_vault
D:9:      layout_gridville, biasface_ghost_orc_armoury,
          amcnicky_mini_corridor_feature, nicolae_tricolors
D:10:     lemuel_bear_cage, layout_irregular_city, zin_angel,
          grunt_temple_overflow_cloverleaf, dreamdust_princess_corridor,
          nicolae_diode_basic
D:11:     layout_gridville, orc_0_dummy, tgw_fedhas
D:12:     layout_long_grid, uniq_josephine, uniq_nessos
D:13:     layout_small_grid, hellmonk_vaults_order_and_chaos,
          bh_hangedman_babel_library, uniq_azrael
Temple:   minmay_temple_bridge_d
Lair:1:   beast_lair_carwin_large_2, layout_cellular_growth
Lair:2:   layout_regular_city
Lair:3:   layout_hall_layers, nicolae_shoals_entry_roost,
          alex1729_snake_entry_snake, serial_bayou_pond_a, serial_bayou_shore_b
Lair:4:   layout_regular_city, dpeg_slime_entry_corner, st_stairs_9,
          grunt_megastairs_2
Lair:5:   hangedman_lair_tendril_chambers, layout_gridlike,
          hangedman_lair_caniforms_friends, amcnicky_mini_pool_medium,
          infiniplex_staircase_pool_2
Orc:1:    layout_caves, serial_shops, nicolae_shop_advertising_works
          [nicolae_subvault_shop_adworks], shop, nicolae_shop_peninsula, shop,
          nicolae_orc_lava_room
Orc:2:    st_orc_mages, layout_caves

Skill      XL: |  1  2  3  4  5  6  7  8  9 10 11 12 13 14 |
---------------+-------------------------------------------+-----
Fighting       | 4 5 7 8 10 12 13 15 17 18 | 18.6
Axes           | 4 5 7 8 10 12 13 15 16 18 | 18.4
Armour         | 3 4 5 6 8 10 11 13 15 16 18 | 18.1
Shields        | 2 3 4 |  4.0
Dodging        | |  2.1

Action                     |  1- 3 |  4- 6 |  7- 9 | 10-12 | 13-15 || total
---------------------------+-------+-------+-------+-------+-------++-------
  Melee: Hand axe          |    92 |   178 |   295 |   567 |   772 ||  1904
         Headbutt          |    12 |    23 |    62 |   122 |   164 ||   383
 Invoke: Berserk           |       |     2 |     6 |     4 |     3 ||    15
         Trog's Hand       |       |       |     1 |       |       ||     1
         Brothers in Arms  |       |       |     1 |       |       ||     1
  Evoke: Wand              |       |       |       |     2 |     4 ||     6
    Use: Scroll            |       |     5 |     3 |     4 |    13 ||    25
         Potion            |       |       |       |       |     5 ||     5
 Armour: Animal skin       |    13 |       |       |       |       ||    13
         Plate armour      |    52 |   110 |   172 |   288 |   497 ||  1119
         Skin              |       |       |       |       |    14 ||    14
  Dodge: Dodged            |    36 |    50 |    67 |   103 |   204 ||   460
  Block: Buckler           |     5 |    20 |   101 |   144 |   323 ||   593
         Reflection        |       |       |     3 |     7 |    12 ||    22

Table legend: (Time is in decaauts)
 A = Elapsed time spent in this place.
 B = Non-inter-level travel time spent in this place.
 C = Inter-level travel time spent in this place.
 D = Time resting spent in this place.
 E = Time spent auto-exploring this place.
 F = Levels seen in this place.
 G = Mean time per level.
                   A        B        C        D        E       F      G
               +--------+--------+--------+--------+--------+-----+--------+
         Total |  20558 |  19639 |    919 |   2941 |  11615 |  23 |  893.8 |
       Dungeon |  11721 |  11071 |    650 |   1650 |   6836 |  13 |  901.6 |
        Temple |     17 |     17 |      0 |      0 |      0 |   1 |   17.0 |
          Lair |   6332 |   6064 |    268 |    784 |   3970 |   5 | 1266.4 |
  Orcish Mines |   2038 |   2038 |      0 |    506 |    733 |   2 | 1019.0 |
         Sewer |    172 |    172 |      0 |      0 |     37 |   1 |  172.0 |
       Ossuary |    276 |    276 |      0 |      0 |     39 |   1 |  276.0 |
               +--------+--------+--------+--------+--------+-----+--------+

Top non-repeatable levels by time:
  Lair:5: 1788 daAuts
    D:11: 1285 daAuts
     D:5: 1267 daAuts
     D:7: 1262 daAuts
   Orc:1: 1200 daAuts
  Lair:1: 1191 daAuts
    D:12: 1187 daAuts
  Lair:3: 1169 daAuts
     D:1: 1117 daAuts
  Lair:2: 1106 daAuts
  Lair:4: 1076 daAuts
     D:8: 1027 daAuts
     D:9: 988 daAuts
     D:3: 906 daAuts
   Orc:2: 838 daAuts
